 Dungeon Crawl Stone Soup version 0.17.0-23-g0de4337 (console) character file.

56 gw the Chopper (level 3, 0/30 HPs)
             Began as a Hill Orc Gladiator on Nov 15, 2015.
             Slain by a worm (9 damage)
             ... on level 2 of the Dungeon.
             The game lasted 00:01:42 (1768 turns).

gw the Chopper (Hill Orc Gladiator)                 Turns: 1768, Time: 00:01:42

Health: 0/30       AC:  6    Str: 17    XL:     3   Next: 95%
Magic:  3/3        EV: 10    Int:  8    God:
Gold:   86         SH:  0    Dex: 12    Spells: 0 memorised, 2 levels left

rFire  . . .     SeeInvis .     a - +0 war axe
rCold  + . .     Clarity  .     i - -2 scale mail (curse)
rNeg   . . .     SustAt   .     (no shield)
rPois  .         Gourm    .     c - +0 helmet
rElec  .         Spirit   .     k - +0 cloak
rCorr  .         Warding  .     (no gloves)
rMut   .         Stasis   .     (no boots)
MR     .....                    (no amulet)
Stlth  ..........               (no ring)
                                h - ring of protection from cold (curse)

@: not resistant to hostile enchantments, extremely unstealthy
A: no striking features
a: no special abilities


You were on level 2 of the Dungeon.
You were hungry.

You visited 1 branch of the dungeon, and saw 2 of its levels.

You collected 86 gold pieces.

Inventory:

Hand Weapons
 a - a +0 war axe (weapon)
Missiles
 d - 3 throwing nets
 g - 18 stones (quivered)
Armour
 c - a +0 helmet (worn)
 i - a cursed -2 scale mail (worn)
 k - a +0 cloak (worn)
Jewellery
 h - a cursed ring of protection from cold (left hand)
Potions
 b - a potion of invisibility {unknown}
 f - a potion of curing {unknown}
Comestibles
 e - 2 bread rations


   Skills:
 + Level 2.9 Fighting
 * Level 5.1 Axes
 + Level 2.2 Throwing
 + Level 1.4 Armour
 - Level 2.4 Dodging


You had 2 spell levels left.
You didn't know any spells.

Dungeon Overview and Level Annotations

Branches:
Dungeon (2/15)

Altars:


Message History

Aim: a worm You throw a stone.
The stone hits the worm.
The worm is lightly wounded.
Attempting RANGED ATTACK TO (1,2) Throwing (i - inventory):
g - 19 stones (quivered)
Press: ? - help, Shift-Dir - straight line, f/p - worm
Aim: a worm (lightly wounded)
You throw a stone.
The stone hits the worm but does no damage.
The worm is lightly wounded.
KIIIITING; MOVING TO (0,-1) MOVING TO (2,7)
The worm bites you.
Trying to move but square is occupied??
Making a random move Trying to move but square is occupied??
Making a random move MOVING TO (2,8)
The worm bites you!
You die...

#...#######.#
7.77 7..[
#... #.# 77.7
777. #.. #.#
77.7 77 #.#
7..7 #.# 7.77
#.# 77.7 #.#
7..7 #.# 7.77
#o# 7.7 #w##
7.77 #..#
77.7 ##.#
7.77 #.#
77.77 #.##
7..7 #(.#
7..7 ##.##
7..7 7 #..#
7..7


7 You could see a worm.

Table legend:
 A = Turns spent in this place as a percentage of turns spent in the entire game.
 B = Non-inter-level travel turns spent in this place as a percentage of non-inter-level travel turns spent in the entire game.
 C = Inter-level travel turns spent in this place as a percentage of turns spent in this place.
 D = Turns resting spent in this place as a percentage of non-inter-level travel turns spent in this place.
 E = Turns spent auto-exploring this place as a percentage of non-inter-level travel turns spent in this place.
 F = Non-inter-level travel turns spent in this place divided by the number of levels of this place that you've seen.
                   A       B       C       D       E      F
               +-------+-------+-------+-------+-------+----------------------
         Total | 100.0 | 100.0 |   0.2 |   0.5 |   1.9 | 1486.0
       Dungeon | 100.0 | 100.0 |   0.2 |   0.5 |   1.9 | 1486.0
               +-------+-------+-------+-------+-------+----------------------

Table legend:
 A = Kills in this place as a percentage of kills in entire the game.
 B = Kills by you in this place as a percentage of kills by you in the entire game.
 C = Kills by friends in this place as a percentage of kills by friends in the entire game.
 D = Other kills in this place as a percentage of other kills in the entire game.
 E = Experience gained in this place as a percentage of experience gained in the entire game.
 F = Experience gained in this place divided by the number of levels of this place that you have seen.
                   A       B       C       D       E      F
               +-------+-------+-------+-------+-------+----------------------
         Total | 100.0 | 100.0 |  -nan |  -nan | 100.0 |  40.0
       Dungeon | 100.0 | 100.0 |  -nan |  -nan | 100.0 |  40.0
               +-------+-------+-------+-------+-------+----------------------

Vanquished Creatures
  3 adders (D:2)
  2 giant geckos
  3 giant cockroaches
  5 goblins
  4 hobgoblins
  5 bats
  A giant newt (D:2)
  4 kobolds
  2 rats (D:1)
29 creatures vanquished.

Notes
Turn   | Place    | Note
--------------------------------------------------------------
     0 | D:1      | gw the Hill Orc Gladiator began the quest for the Orb.
     0 | D:1      | Reached XP level 1. HP: 18/18 MP: 1/1
   586 | D:1      | Reached XP level 2. HP: 25/25 MP: 2/2
  1035 | D:2      | Reached skill level 1 in Armour
  1035 | D:2      | Reached XP level 3. HP: 26/30 MP: 3/3
  1414 | D:2      | Reached skill level 5 in Axes
  1768 | D:2      | Slain by a worm

Action                   || total
-------------------------++-------
Melee: War axe           ||    73
Throw: Stone             ||   137
  Use: Scroll            ||     4
       Potion            ||     1
  Eat: Chunk             ||     2

Vault maps used:
D:1:      saegor_arrival_simple_d
D:2:      forest_paths, first_bread
